 Dungeon Crawl Stone Soup version 0.29.1-2-gbd0b4ee654 (webtiles) character file.

Game seed: 12997193969221946756

114 MTVSty1e the Chopper (level 4, -5/38 (41) HPs)
             Began as a Minotaur Fighter on Oct 24, 2022.
             Killed from afar by Ijyb (15 damage)
             ... with a bolt of acid
             ... on level 3 of the Dungeon.
             The game lasted 00:01:27 (1394 turns).

MTVSty1e the Chopper (Minotaur Fighter)             Turns: 1394, Time: 00:01:27

HP:   -5/38 (41)    AC:  8    Str: 22    XL:     4   Next: 66%
MP:   3/3           EV:  9    Int:  5    God:
Gold: 159           SH:  4    Dex: 10    Spells: 3/3 levels left

rFire   . . .      SeeInvis .   a - +0 war axe
rCold   . . .      Faith    .   c - +0 buckler
rNeg    . . .      Spirit   .   b - +0 scale mail
rPois   .          Reflect  .   (helmet restricted)
rElec   .          Harm     .   g - +0 cloak
rCorr   .          Rampage  .   (no gloves)
Will    .....                   (no boots)
Stlth   ..........              (no amulet)
HPRegen 0.12/turn               (no ring)
MPRegen 0.08/turn               (no ring)

@: drained
A: horns 2, retaliatory headbutt
a: no special abilities


You were on level 3 of the Dungeon.
You visited 1 branch of the dungeon, and saw 3 of its levels.

You collected 159 gold pieces.

Inventory:

Hand Weapons
 a - a +0 war axe (weapon)
Missiles
 l - 2 throwing nets (quivered)
Armour
 b - a +0 scale mail (worn)
 c - a +0 buckler (worn)
 g - a +0 cloak (worn)
Jewellery
 o - a +6 ring of intelligence
Scrolls
 e - 4 scrolls of identify {unknown}
 f - 3 scrolls of teleportation {unknown}
 h - a scroll of enchant armour {unknown}
 k - a scroll of fog {unknown}
 m - a scroll of brand weapon {unknown}
Potions
 d - 2 potions of might
 i - a potion of curing {unknown}
 j - a potion of berserk rage {unknown}
 n - a potion of brilliance {unknown}


   Skills:
 + Level 4.8 Fighting
 * Level 5.1 Axes
 - Level 3.6 Armour
 - Level 3.6 Shields


You had 3 spell levels left.
You didn't know any spells.
Your spell library contained the following spells:

 Spells                   Type           Power      Damage    Failure   Level
 Ozocubu's Armour         Ice            0%         N/A       99%         3
 Metabolic Englaciation   Hex/Ice        0%         N/A       100%        5
 Simulacrum               Ice/Necr       0%         N/A       100%        6


Dungeon Overview and Level Annotations

Branches:
Dungeon (3/15)

Altars:

Annotations:
D:3 Ijyb


Innate Abilities, Weirdness & Mutations

You have a pair of horns on your head.
You reflexively headbutt those who attack you in melee.


Message History

No target in view!
No target in view!
No target in view!
No target in view!
No target in view!
You open the door.
There is an open door here.
Ijyb the Twisted Goblin comes into view.
She is wielding a +0 club and carrying a wand of acid (5).
Ijyb shouts!
Ijyb is nearby!
Ijyb grins evilly.
Ijyb zaps a wand.
The bolt of acid misses you.
You hit Ijyb.
Ijyb is lightly wounded.
Ijyb zaps a wand.
The bolt of acid hits you!
You hit Ijyb.
Ijyb is moderately wounded.
Ijyb hits you with a +0 club.
You slash Ijyb! Your headbutt misses Ijyb.
Ijyb is severely wounded.
You block Ijyb's attack.
You completely miss Ijyb.
Ijyb is severely wounded.
Ijyb zaps a wand.
The bolt of acid hits you!
* * * LOW HITPOINT WARNING * * *
Ijyb barely misses you.
You are too injured to fight recklessly!
You are too injured to fight recklessly!
You are too injured to fight recklessly!
You are too injured to fight recklessly!
You are too injured to fight recklessly!
You are too injured to fight recklessly!
You are too injured to fight recklessly!
You are too injured to fight recklessly!
You are too injured to fight recklessly!
Unknown command.
You barely miss Ijyb.
Ijyb is severely wounded.
Ijyb zaps a wand.
The bolt of acid hits you!
You die...

...####.#...
......................#+
...............####.#...
..................<.+...
...............######...
...............##...#...
...............##..(#...
.......g....... +...'...
.......@.......##...#...
.................[..#...
#####.....#.######'##...
###.#...## #....##+#
#######'##...# #........
#.....†..(#..###........
#.........#...##........
#.........#.#.####+#....
#.........#.#...##.#....


You could see Ijyb.

Vanquished Creatures
  Natasha (D:2)
  Robin (D:2)
  An adder (D:2)
  A dart slug (D:1)
  4 orcs (D:3)
  9 bats
  7 endoplasms
  3 giant cockroaches
  13 goblins
  7 hobgoblins
  A quokka (D:2)
  3 ball pythons
  2 frilled lizards
  2 kobolds (D:1)
  4 rats (D:1)
59 creatures vanquished.

Notes
Turn   | Place    | Note
-------+----------+-------------------------------------------
     0 | D:1      | MTVSty1e the Minotaur Fighter began the quest for the Orb.
     0 | D:1      | Reached XP level 1. HP: 19/19 MP: 0/0
    39 | D:1      | Reached skill level 3 in Axes
    41 | D:1      | Reached XP level 2. HP: 22/27 MP: 1/1
   518 | D:2      | Noticed Robin
   521 | D:2      | Reached XP level 3. HP: 33/33 MP: 2/2
   527 | D:2      | Reached skill level 4 in Axes
   531 | D:2      | Killed Robin
   732 | D:2      | Found a faded altar of an unknown god.
  1033 | D:2      | Reached XP level 4. HP: 41/41 MP: 3/3
  1069 | D:2      | Noticed Natasha
  1073 | D:2      | Killed Natasha
  1294 | D:3      | Reached skill level 5 in Axes
  1386 | D:3      | Noticed Ijyb
  1394 | D:3      | Killed from afar by Ijyb

Illustrated notes

Levels and vault maps discovered:
D:1:      dpeg_arrival_refuge, layout_rooms
D:2:      layout_basic, dreamdust_ecumenical_altar_hidden_monk_grotto,
          lightli_corner_chamber, uniq_robin, uniq_natasha
D:3:      layout_basic, minmay_pentomino_pile, uniq_ijyb

Skill      XL: |  1  2  3  4 |
---------------+-------------+-----
Axes           | 3 4 5 |  5.1
Fighting       | 4 |  4.8
Armour         | |  3.6
Shields        | |  3.6

Action                   |  1- 3 |  4- 6 || total
-------------------------+-------+-------++-------
Melee: War axe           |    65 |    26 ||    91
       Headbutt          |    11 |     3 ||    14
Armor: Scale mail        |    37 |    15 ||    52
Dodge: Dodged            |    45 |    14 ||    59
Block: Buckler           |    22 |     5 ||    27
